[Event "Live Chess"]
[Site "Chess.com"]
[Date "2023.09.16"]
[Round "-"]
[White "Thiago1451"]
[Black "Abofado"]
[Result "0-1"]
[WhiteElo "572"]
[BlackElo "581"]
[TimeControl "900+5"]
[EndTime "6:04:18 PDT"]
[Termination "Abofado venceu por xeque-mate"]

1. c4 c6 2. Nc3 d5 3. cxd5 cxd5 4. d4 e5 5. e3 exd4 6. exd4 h5 7. Nge2 Nf6 8. g3 Ng4 9. Bg2 Qf6 10. f3 Nh6 11. O-O Bd6 12. f4 g5 13. fxg5 Qe6 14. gxh6 Rxh6 15.
Bxh6 Qxh6 16. Kh1 h4 17. gxh4 Qxh4 18. h3 Bxh3 19. Bxh3 Qxh3+ 20. Kg1 Qh2# 0-1

[Event "Live Chess"]
[Site "Chess.com"]
[Date "2023.09.16"]
[Round "-"]
[White "Arthur1611br"]
[Black "KiwiDoFbi"]
[Result "0-1"]
[WhiteElo "1123"]
[BlackElo "1243"]
[TimeControl "900+5"]
[EndTime "6:05:43 PDT"]
[Termination "KiwiDoFbi venceu por xeque-mate"]

1. e4 c5 2. Bc4 e6 3. c3 Nc6 4.
d4 cxd4 5. cxd4 d5 6. Bb5 Qa5+ 7. Bd2 Qxb5 8. Nf3 Bb4 9. Qb3 Bxd2+ 10. Kxd2 Qxb3 11.
axb3 dxe4 12. Ne5 Nxe5 13. dxe5 Ne7 14. Rd1 Nd5 15. Ke2 O-O 16. Nd2 Nf4+ 17. Kf1 b6 18. Nxe4 Bb7 19. Nd6 Bxg2+ 20. Kg1 Bh3 21. Rd4 Ne2+ 22.
Kh1 Nxd4 23. Rd1 Ne2 24. Re1 Bg4 25. Ne4 Bf3# 0-1

[Event "Live Chess"]
[Site "Chess.com"]
[Date "2023.09.16"]
[Round "-"]
[White "lucasbezerraja"]
[Black "Mozart5501"]
[Result "1-0"]
[WhiteElo "1805"]
[BlackElo "1799"]
[TimeControl "900+5"]
[EndTime "6:06:10 PDT"]
[Termination "lucasbezerraja venceu por desistência"]

1. e4 e5 2. Nf3 Nc6 3. Bc4 Bc5 4. c3 Nf6 5. d4 exd4 6. cxd4 Bb4+ 7. Bd2 Bxd2+ 8.
Nbxd2 d6 9. O-O O-O 10. Re1 Bg4 11. h3 Bxf3 12. Nxf3 Re8 13. Ng5 Rf8 14. e5 dxe5 15. dxe5 Nd7 16. e6 Qxg5 17. exf7+ Kh8 18. Qxd7 Rac8 19.
Qxc8 1-0

[Event "Live Chess"]
[Site "Chess.com"]
[Date "2023.09.16"]
[Round "-"]
[White "sleepGM86"]
[Black "Torugomilho11"]
[Result "0-1"]
[WhiteElo "1116"]
[BlackElo "1131"]
[TimeControl "900+5"]
[EndTime "6:06:54 PDT"]
[Termination "Torugomilho11 venceu por desistência"]

1. c4 e5 2. Nc3 Nf6 3. g3 Bc5 4. Bg2 Nc6 5. e3 O-O 6. Nge2 d6 7. O-O Be6 8. b3 Qd7 9. d4 exd4 10. exd4 Bb4 11.
d5 Bxc3 12. Nxc3 Ne5 13. dxe6 Qxe6 14. Nd5 Nxd5 15. cxd5 Qg6 16. Bf4 Rfe8 17. Bxe5 Rxe5 18. Re1 Rae8 19. Rc1 Rxe1+ 20. Qxe1 Rxe1+ 21. Rxe1 h6 22.
Re8+ Kh7 23. Be4 f5 24. Re6 Qf7 0-1

[Event "Live Chess"]
[Site "Chess.com"]
[Date "2023.09.16"]
[Round "-"]
[White "Edson_Zarnelli"]
[Black "gu1c0rrea"]
[Result "0-1"]
[WhiteElo "755"]
[BlackElo "771"]
[TimeControl "900+5"]
[EndTime "6:07:01 PDT"]
[Termination "gu1c0rrea venceu por desistência"]

1. e4 e5 2. Nf3 Nc6 3. Bc4 Bc5 4. c3 d6 5. d3 Bg4 6. Nbd2 Nf6 7. d4 exd4 8. cxd4 Bxd4 9. Nxd4 Bxd1 10. N2b3 Bg4 11. Nxc6 bxc6 12. O-O O-O 13. f3 Be6 14. Bxe6 fxe6 15.
Nd4 Qd7 16. Bg5 h6 17. Bxf6 gxf6 18. Rfc1 c5 19. Ne2 Rab8 20. b3 Qb5 21. Kf1 d5 22.
exd5 exd5 23. Rd1 d4 24. Rdb1 Rfe8 25. Re1 Re3 26. Rab1 Rbe8 27. Kf2 Rxe2+ 28. Rxe2 Qxe2+ 29. Kg3 Qe5+ 30. Kf2 h5 31. g3 Qe2+ 32. Kg1 d3 0-1

[Event "Live Chess"]
[Site "Chess.com"]
[Date "2023.09.16"]
[Round "-"]
[White "ABC2009V"]
[Black "Thiago1451"]
[Result "1-0"]
[WhiteElo "2023"]
[BlackElo "572"]
[TimeControl "900+5"]
[EndTime "6:07:02 PDT"]
[Termination "ABC2009V venceu por xeque-mate"]

1. e4 c5 2. Nf3 Nc6 3. d4 cxd4 4. Nxd4 Nf6 5. Nc3 e5 6. Ndb5 a5 7. Nd6+ Bxd6 8. Qxd6 Qe7 9. Qxe7+ Nxe7 10. Bg5 Nh5 11. Be2 g6 12. O-O-O O-O 13. Bxe7 Re8 14. Bg5 Rb8 15.
Nd5 d6 16. Bxh5 gxh5 17. Nf6+ Kh8 18. Nxe8 Bg4 19. f3 Bxf3 20. gxf3 Rxe8 21. Rxd6 Rg8 22.
Bf6+ Rg7 23. Rd8# 1-0

[Event "Live Chess"]
[Site "Chess.com"]
[Date "2023.09.16"]
[Round "-"]
[White "ArthurMPRJ"]
[Black "kesiavik"]
[Result "1-0"]
[WhiteElo "1123"]
[BlackElo "1012"]
[TimeControl "900+5"]
[EndTime "6:07:43 PDT"]
[Termination "ArthurMPRJ venceu por xeque-mate"]

1. d4 d5 2. c4 Nf6 3. cxd5 Nxd5 4. e4 Nf6 5. Nc3 e6 6. Be3 Bb4 7. f3 Bxc3+ 8. bxc3 Nc6 9. Bd3 Bd7 10. Ne2 O-O 11.
Qc2 e5 12. d5 Ne7 13. O-O c6 14. Rfd1 Qc8 15. Rac1 Ng6 16. c4 Nh5 17. Rb1 Ngf4 18. Nxf4 exf4 19. Bd4 f6 20. e5 fxe5 21. Bxh7+ Kf7 22. Qg6+ Ke7 23. Bxe5 Nf6 24. Qxg7+ Rf7 25. Bxf6+ Ke8 26. Bg6 Qc7 27. Qxf7# 1-0

[Event "Live Chess"]
[Site "Chess.com"]
[Date "2023.09.16"]
[Round "-"]
[White "NavarroChess09"]
[Black "mary260210"]
[Result "1-0"]
[WhiteElo "1322"]
[BlackElo "837"]
[TimeControl "900+5"]
[EndTime "6:08:18 PDT"]
[Termination "NavarroChess09 venceu por xeque-mate"]

1. d4 d5 2. Nf3 Nf6 3. Nc3 Nc6 4. Bg5 Bg4 5. e3 Bxf3 6. Qxf3 e5 7. Bxf6 Qxf6 8.
Qxd5 exd4 9. Qe4+ Be7 10. Nd5 Qe6 11. Nxc7+ Kd8 12. Nxe6+ fxe6 13. Bb5 a6 14. Bxc6 bxc6 15.
Qxc6 Ra7 16. exd4 Re8 17. Qb6+ Kc8 18. Qxa7 Bb4+ 19. c3 Bd6 20. Qxa6+ Kd7 21. O-O Rb8 22. Rfe1 Rxb2 23. Qa7+ Kc6 24. d5+ exd5 25. Qa6+ Kd7 26. Qa7+ Kc6 27. Qa8+ Kd7 28. Qxd5 Rc2 29. Qf5+ Kc6 30.
Qxc2 h5 31. Qe4+ Kc5 32. a4 Bc7 33. Qd4+ Kc6 34. Re6+ Kb7 35. Rb1+ Kc8 36. Re8+ Bd8 37. Qxd8# 1-0

[Event "Live Chess"]
[Site "Chess.com"]
[Date "2023.09.16"]
[Round "-"]
[White "Mozart5501"]
[Black "Arthur1611br"]
[Result "1-0"]
[WhiteElo "1799"]
[BlackElo "1120"]
[TimeControl "900+5"]
[EndTime "6:09:08 PDT"]
[Termination "Mozart5501 venceu por xeque-mate"]

1. e4 e6 2. d4 d5 3. exd5 exd5 4. Bd3 Bb4+ 5. c3 Ba5 6. Nf3 Bg4 7. O-O Bxf3 8. Re1+ Ne7 9. Qxf3 O-O 10. Nd2 Re8 11.
Nb3 b6 12. Nxa5 bxa5 13. Bg5 f6 14. Bf4 Nd7 15. Qh5 Kf8 16. Qxh7 g6 17. Bxg6 Nxg6 18. Bh6# 1-0

[Event "Live Chess"]
[Site "Chess.com"]
[Date "2023.09.16"]
[Round "-"]
[White "AlphaKaua10"]
[Black "vitinho_lawliet"]
[Result "1-0"]
[WhiteElo "1130"]
[BlackElo "943"]
[TimeControl "900+5"]
[EndTime "6:10:07 PDT"]
[Termination "AlphaKaua10 venceu por xeque-mate"]

1. d4 e6 2. c4 d5 3. Nf3 dxc4 4. Qa4+ Bd7 5. Qxc4 Nc6 6. e3 f5 7. Bd3 Na5 8. Qc3 Nc6 9. O-O Nf6 10. b3 a6 11. a4 Bb4 12. Qc2 O-O 13. Ba3 Bxa3 14. Nxa3 Qe7 15. Ne5 Nb4 16. Qc4 Nxd3 17. Qxd3 Ng4 18. Nxd7 Qxd7 19. h3 Rf6 20. hxg4 Rh6 21. gxf5 Qd6 22. g3 Qd5 23. e4 Qd8 24. fxe6 Qf6 25.
Rac1 Qxe6 26. Qc4 Qxc4 27. Rxc4 b5 28. axb5 axb5 29. Nxb5 Ra5 30. Nxc7 Rah5 31. f4 Rh2 32. Rf2 R2h3 33. e5 Rxg3+ 34. Rg2 Rxb3 35. e6 Kf8 36. d5 Ke7 37. Na6 Rf6 38. Rxg7+ Kd6 39. Rc6+ Kxd5 40. e7 Rxc6 41. e8=Q Rc2 42. Qe5+ Kc4 43.
Rc7+ Kd3 44. Rxc2 Kxc2 45. Qe4+ Kc3 46. f5 Rb1+ 47. Qxb1 h5 48. f6 h4 49. Nc5 h3 50.
Qb3+ Kd4 51. Ne6+ Ke4 52. f7 Kf5 53. f8=Q+ Ke4 54. Qc4+ Ke5 55. Qfc5+ Kf6 56. Qf4+ Kxe6 57. Qce5+ Kd7 58. Qfd4+ Kc6 59. Qec5+ Kb7 60. Qdb4+ Ka6 61. Qca5# 1-0

[Event "Live Chess"]
[Site "Chess.com"]
[Date "2023.09.16"]
[Round "-"]
[White "augustodemoraisrocha"]
[Black "zxsimon"]
[Result "0-1"]
[WhiteElo "1466"]
[BlackElo "1487"]
[TimeControl "900+5"]
[EndTime "6:10:17 PDT"]
[Termination "zxsimon venceu por desistência"]

1. e4 c5 2. Nf3 Nc6 3. d4 cxd4 4. Nxd4 g6 5. Nxc6 bxc6 6. Nc3 Bg7 7. Bd3 d6 8. Be3 c5 9. Qd2 Nf6 10. h3 Rb8 11. Rb1 a5 12. a3 Bd7 13. Nd5 Nxd5 14. exd5 Rxb2 15. Rxb2 Bxb2 16. O-O Bg7 17. Re1 O-O 18. Bh6 Re8 19. Bxg7 Kxg7 20. Re3 e6 21. dxe6 Rxe6 22. Rxe6 Bxe6 23. Qc3+ Kg8 24. Bc4 Bxc4 25. Qxc4 Qb6 26. Qb3 Qxb3 27. cxb3 Kf8 28. Kf1 Ke7 29. Ke2 Ke6 30. Kd3 Kd5 31. f4 h6 32. g4 f5 33.
Ke3 c4 34. bxc4+ Kxc4 35. g5 h5 36. Kd2 d5 37. Kc2 d4 38. h4 d3+ 39. Kb2 a4 40. Kc1 Kc3 41. Kd1 d2 42. Ke2 Kc2 0-1

[Event "Live Chess"]
[Site "Chess.com"]
[Date "2023.09.16"]
[Round "-"]
[White "Riquelme_Leonardo"]
[Black "Megruo988"]
[Result "0-1"]
[WhiteElo "1702"]
[BlackElo "1720"]
[TimeControl "900+5"]
[EndTime "6:10:24 PDT"]
[Termination "Megruo988 venceu por desistência"]

1. e4 e5 2. Nf3 Nc6 3. Bc4 Nf6 4. Nc3 Be7 5. O-O O-O 6. d3 h6 7. Be3 a6 8. Qd2 d6 9. Nd5 Nxd5 10. Bxd5 Be6 11. Bxe6 fxe6 12. h3 d5 13. Nh2 d4 14.
Bxh6 gxh6 15. Qxh6 Rf6 16. Qg5+ Kf7 17. Ng4 Rg6 18.
Nxe5+ Nxe5 19. Qxe5 Qd6 20. Qh5 Rg8 21. Qf3+ Ke8 22.
g4 Qe5 23. Kg2 Bd6 24. Rh1 Rf8 25. Qe2 Rgf6 26. Raf1 Rf3 27. b3 Rg3+ 28. Kh2 Rxg4+ 29. f4 0-1

[Event "Live Chess"]
[Site "Chess.com"]
[Date "2023.09.16"]
[Round "-"]
[White "lucasbezerraja"]
[Black "sleepGM86"]
[Result "1-0"]
[WhiteElo "1805"]
[BlackElo "1116"]
[TimeControl "900+5"]
[EndTime "6:10:37 PDT"]
[Termination "lucasbezerraja venceu por desistência"]

1. e4 c5 2. Nf3 Nc6 3. c3 g6 4. d4 cxd4 5. cxd4 Bg7 6. Nc3 e6 7. Bb5 Nge7 8. Be3 a6 9. Ba4 O-O 10. O-O d5 11. exd5 exd5 12. Qd2 Qb6 13. Bb3 Nf5 14.
Nxd5 Qb5 15. Nc7 Qxf1+ 16. Rxf1 Nxe3 17. fxe3 Rb8 1-0

[Event "Live Chess"]
[Site "Chess.com"]
[Date "2023.09.16"]
[Round "-"]
[White "maylso"]
[Black "GabrielGGCF"]
[Result "0-1"]
[WhiteElo "1433"]
[BlackElo "1478"]
[TimeControl "900+5"]
[EndTime "6:10:51 PDT"]
[Termination "GabrielGGCF venceu por xeque-mate"]

1. d4 d5 2. c4 c6 3. Nf3 Nf6 4.
Nc3 Bf5 5. Bf4 e6 6. a3 Bd6 7. Bxd6 Qxd6 8. c5 Qe7 9. e3 O-O 10. Bd3 Bg6 11. O-O Re8 12. Ne5 Bh5 13. Be2 Bxe2 14.
Qxe2 Nbd7 15. Nd3 Nf8 16. b4 Ng6 17. a4 h6 18. b5 Rab8 19. Rfb1 Nh4 20. b6 axb6 21.
cxb6 Ne4 22. Nxe4 dxe4 23. Nc5 Qg5 24. g3 Nf3+ 25. Kg2 Nh4+ 26. Kf1 Nf3 27. Nxe4 Qf5 28. Nd6 Qh3# 0-1

[Event "Live Chess"]
[Site "Chess.com"]
[Date "2023.09.16"]
[Round "-"]
[White "Thiago1451"]
[Black "ArthurMPRJ"]
[Result "0-1"]
[WhiteElo "571"]
[BlackElo "1128"]
[TimeControl "900+5"]
[EndTime "6:11:32 PDT"]
[Termination "ArthurMPRJ venceu por desistência"]

1. c4 e6 2. Nc3 d5 3. cxd5 exd5 4.
Nf3 Nf6 5. d4 c6 6. e3 Bd6 7. Be2 O-O 8. O-O Bg4 9. Ne5 Bxe2 10.
Qxe2 Nfd7 11. e4 Nxe5 12. dxe5 Bxe5 13. exd5 Bxc3 14. bxc3 Qxd5 15. c4 Qf5 16. Bb2 Nd7 17. Rad1 Rfe8 18. Qc2 Qxc2 19. Bd4 Nf6 20. Bxf6 gxf6 21. Rde1 Rxe1 22. Rxe1 Qxc4 23. a3 Kf8 24. h3 Re8 25. Rf1 b5 26. Kh2 Qxf1 0-1

[Event "Live Chess"]
[Site "Chess.com"]
[Date "2023.09.16"]
[Round "-"]
[White "zezemito921"]
[Black "VIAJEMCENTRODATERRA"]
[Result "0-1"]
[WhiteElo "921"]
[BlackElo "2011"]
[TimeControl "900+5"]
[EndTime "6:12:14 PDT"]
[Termination "VIAJEMCENTRODATERRA venceu por desistência"]

1. e4 c6 2. c4 d5 3. exd5 cxd5 4. d3 dxc4 5. dxc4 Qxd1+ 6. Kxd1 Nf6 7. Nf3 Bf5 8. Nc3 e6 9. Be2 Bc5 10. Be3 Bxe3 11. fxe3 O-O 12. Ke1 Nc6 13. Rd1 Rfd8 14. Rxd8+ Rxd8 15. Kf2 Ng4+ 16. Kg3 Nxe3 17. Nb5 a6 18. Nc3 Ng4 19. h3 Nf6 20. Rd1 Rxd1 21. Bxd1 Kf8 22. Ng5 h6 23. Nf3 Ke7 24. a4 Bd3 25. c5 Be4 26. b3 Bxf3 27. Bxf3 Nd7 28. Bxc6 bxc6 29. b4 f5 30. b5 axb5 31. a5 Nxc5 32. Kf4 Na6 33. g4 g5+ 34. Kg3 b4 35. Na4 c5 36. Nxc5 Nxc5 37. gxf5 exf5 38. h4 Na6 39.
Kf3 b3 0-1

[Event "Live Chess"]
[Site "Chess.com"]
[Date "2023.09.16"]
[Round "-"]
[White "Mozart5501"]
[Black "NavarroChess09"]
[Result "1-0"]
[WhiteElo "1800"]
[BlackElo "1321"]
[TimeControl "900+5"]
[EndTime "6:12:40 PDT"]
[Termination "Mozart5501 venceu por xeque-mate"]

1. e4 e5 2. Nf3 Nc6 3. d4 d6 4. dxe5 dxe5 5. Qxd8+ Nxd8 6. Nxe5 Nf6 7. Nc3 Bb4 8. Bd3 O-O 9. Bg5 Ne6 10. Bxf6 gxf6 11. Nf3 Ng5 12. O-O-O Bg4 13. Nd5 Bxf3 14.
gxf3 Nxf3 15. Nxb4 c5 16. Nd5 Kg7 17. Be2 Ng5 18.
Rhg1 b6 19. h4 Kh8 20. hxg5 fxg5 21. Rxg5 Rg8 22. Rdg1 Rxg5 23. Rxg5 h6 24. Rg4 Kh7 25. Nf6+ Kh8 26. Bc4 Rf8 27. Bxf7 Rxf7 28. Rg8# 1-0

[Event "Live Chess"]
[Site "Chess.com"]
[Date "2023.09.16"]
[Round "-"]
[White "Torugomilho11"]
[Black "Edson_Zarnelli"]
[Result "1-0"]
[WhiteElo "1135"]
[BlackElo "753"]
[TimeControl "900+5"]
[EndTime "6:13:12 PDT"]
[Termination "Torugomilho11 venceu por xeque-mate"]

1. d4 d5 2. Bf4 Nc6 3. e3 Bf5 4. Nf3 Nf6 5. c3 Bg4 6. Nbd2 Ne4 7. Qb3 b6 8. Bb5 Bd7 9. Bxc6 Bxc6 10. Ne5 Nxd2 11. Kxd2 Bd7 12. Qxd5 c6 13. Qxf7# 1-0

[Event "Live Chess"]
[Site "Chess.com"]
[Date "2023.09.16"]
[Round "-"]
[White "KBT2007"]
[Black "IanFLS"]
[Result "1-0"]
[WhiteElo "1892"]
[BlackElo "1858"]
[TimeControl "900+5"]
[EndTime "6:13:50 PDT"]
[Termination "KBT2007 venceu por desistência"]

1. d4 Nf6 2. c4 g6 3. Nc3 d5 4.
Bg5 c6 5. e3 Bg7 6. Nf3 O-O 7.
Be2 Nbd7 8. O-O e6 9. e4 dxe4 10. Nxe4 Qc7 11. Nxf6+ Nxf6 12. Ne5 c5 13. Bf4 Qb6 14.
b3 Rd8 15. dxc5 Rxd1 16. cxb6 Rxf1+ 17. Rxf1 axb6 18. Rd1 b5 19. Rd8+ Bf8 20. Bh6 1-0

[Event "Live Chess"]
[Site "Chess.com"]
[Date "2023.09.16"]
[Round "-"]
[White "Riquelme_Leonardo"]
[Black "zxsimon"]
[Result "1-0"]
[WhiteElo "1706"]
[BlackElo "1483"]
[TimeControl "900+5"]
[EndTime "6:14:37 PDT"]
[Termination "Riquelme_Leonardo venceu por desistência"]

1. e4 c5 2. Nf3 Nc6 3. Bb5 d6 4. Bxc6+ bxc6 5. O-O g6 6. c3 Bg7 7. d4 cxd4 8. cxd4 Nf6 9. Nc3 O-O 10. Bg5 Bd7 11.
Rc1 Rb8 12. Qd2 Qb6 13. e5 dxe5 14. dxe5 Qxb2 15. Qxb2 Rxb2 16. exf6 exf6 17. Be3 a6 18. Rfd1 Be6 19. Nd4 Bxa2 20. Nxa2 Rxa2 21. Nxc6 f5 22. Nb4 Ra4 23. Nd3 Rb8 24. Nc5 Ra5 25. g3 h6 26. Nd7 Re8 27. Bb6 Rb5 28. Bd4 Bxd4 29. Rxd4 a5 30. Nf6+ 1-0

[Event "Live Chess"]
[Site "Chess.com"]
[Date "2023.09.16"]
[Round "-"]
[White "augustodemoraisrocha"]
[Black "sleepGM86"]
[Result "1-0"]
[WhiteElo "1468"]
[BlackElo "1114"]
[TimeControl "900+5"]
[EndTime "6:15:36 PDT"]
[Termination "augustodemoraisrocha venceu por desistência"]

1. e4 c5 2. Nf3 Nc6 3. d4 cxd4 4. Nxd4 g6 5. Nxc6 bxc6 6. Nc3 Bg7 7. Bc4 Nf6 8. b3 O-O 9. Qd3 e6 10. Bb2 d5 11. exd5 cxd5 12. Ba6 Bxa6 13. Qxa6 Qb6 14.
Qxb6 axb6 15. a4 Ne4 16. Nxe4 Bxb2 17. Rb1 dxe4 18. Rxb2 Rfc8 19. O-O Ra7 20. h3 Kg7 21. Re1 f5 22. f3 exf3 23. Rxe6 fxg2 24. Rxb6 Rac7 25.
c4 f4 26. Kxg2 Rf7 27. Kf3 Re8 28. Re2 Rxe2 29. Kxe2 f3+ 30. Kf2 Kh6 31. Re6 Rb7 32. Re3 1-0

[Event "Live Chess"]
[Site "Chess.com"]
[Date "2023.09.16"]
[Round "-"]
[White "Abofado"]
[Black "xadrecarloso"]
[Result "0-1"]
[WhiteElo "579"]
[BlackElo "937"]
[TimeControl "900+5"]
[EndTime "6:15:53 PDT"]
[Termination "xadrecarloso venceu por xeque-mate"]

1. e4 c5 2. Nf3 a6 3. d4 cxd4 4. Nxd4 b5 5. c4 Bb7 6. cxb5 Bxe4 7. bxa6 Rxa6 8. f3 Qa5+ 9. Bd2 Qb6 10. Bc4 Ra8 11.
fxe4 Qxd4 12. b3 Qxa1 13. O-O Qd4+ 14. Kh1 Qxe4 15. Nc3 Qb7 16. Qf3 Qxf3 17. Rxf3 Nf6 18. Nb5 Rxa2 19. Bb4 d5 20. Bf1 Ng4 21. Nc7+ Kd8 22.
Nxd5 Nf2+ 23. Kg1 e6 24. Be7+ Bxe7 25. Nxe7 Kxe7 26. h3 Nc6 27. b4 Nd4 28. Rc3 Ra1 29.
Rc7+ Kf6 30. g4 Nxh3+ 31. Kg2 Nf4+ 32. Kg3 Nfe2+ 33. Kf2 Rd8 34. b5 Rc1 35. Ra7 Rc2 36. b6 Nf4+ 37. Ke3 Nd5+ 38. Kxd4 Rd2+ 39. Kc5 Nf4 40. b7 Rc2+ 41. Kb6 Rd1 42. b8=Q Rb1+ 43. Ka6 Ra2# 0-1

[Event "Live Chess"]
[Site "Chess.com"]
[Date "2023.09.16"]
[Round "-"]
[White "Ggavioli"]
[Black "Mika635Isa"]
[Result "1-0"]
[WhiteElo "1560"]
[BlackElo "520"]
[TimeControl "900+5"]
[EndTime "6:16:05 PDT"]
[Termination "Ggavioli venceu por desistência"]

1. e4 e5 2. Nf3 Nf6 3. Nxe5 Nxe4 4. Qe2 d6 5. Qxe4 dxe5 6. Qxe5+ Be7 7. Nc3 O-O 8. Be2 Bf6 9. Qd5 c6 10. Qxd8 Rxd8 11.
O-O Bf5 12. d3 Nd7 13. Bd2 Nc5 14. Rab1 b5 15. Be3 b4 16. Bxc5 bxc3 17. bxc3 Bxc3 18. Rb3 Bd4 19. Bxd4 Rxd4 20. Rfb1 g6 21. Rb8+ Rxb8 22.
Rxb8+ Kg7 23. Rb7 a5 24. f3 Bc8 25. Rc7 Bd7 26. Kf2 Kf6 27. Ke3 Ke5 28. f4+ Kd5 29.
Rxd7+ Kc5 30. Rxd4 Kb5 31. Rd7 Kb4 32. Rxf7 a4 33.
Rxh7 Ka3 34. d4 Kxa2 35. Ra7 a3 36. Ra6 Kb2 37. Bc4 1-0

[Event "Live Chess"]
[Site "Chess.com"]
[Date "2023.09.16"]
[Round "-"]
[White "ABC2009V"]
[Black "gu1c0rrea"]
[Result "1-0"]
[WhiteElo "2023"]
[BlackElo "771"]
[TimeControl "900+5"]
[EndTime "6:16:21 PDT"]
[Termination "ABC2009V venceu por desistência"]

1. e4 e5 2. Nf3 Nc6 3. Bc4 Bc5 4. O-O Nf6 5. d3 O-O 6. c3 d6 7. Nbd2 Bg4 8. Re1 d5 9. exd5 Nxd5 10. Ne4 Nf4 11.
Nxc5 Bxf3 12. Qxf3 Ne6 13. Bxe6 fxe6 14. Nxe6 Rxf3 15.
Nxd8 Rxd3 16. Nxc6 bxc6 17. Bg5 h6 18. Bh4 g5 19. Bg3 Rad8 20. Bxe5 Rd2 21. Bxc7 R8d7 22. Ba5 Rxb2 23. Rad1 Rbd2 24. Rxd2 Rxd2 25. a3 Ra2 26. Bb4 Kf7 27. g3 Kg6 28. Re6+ Kh5 29. Rxc6 Kg4 30. Kg2 h5 31. h3+ Kf5 32. Rc5+ Kg6 33. Ra5 h4 34. Rxa7 hxg3 35. Kxg3 Kh5 36. Ra5 Ra1 37. Be7 Rg1+ 38. Kh2 Rc1 39. Bxg5 Rxc3 40. Bd2+ 1-0

[Event "Live Chess"]
[Site "Chess.com"]
[Date "2023.09.16"]
[Round "-"]
[White "Giulliajapa007"]
[Black "dani_reitas"]
[Result "0-1"]
[WhiteElo "998"]
[BlackElo "1021"]
[TimeControl "900+5"]
[EndTime "6:16:41 PDT"]
[Termination "dani_reitas venceu por xeque-mate"]

1. e4 e6 2. d4 d5 3. e5 c5 4. c3 Nc6 5. Nf3 Be7 6. Be2 Bd7 7. O-O cxd4 8. cxd4 Bb4 9. Nc3 Nge7 10. a3 Ba5 11. b4 Bb6 12. Nb5 O-O 13. Bg5 h6 14. Bxe7 Qxe7 15. Rc1 a6 16. Nc3 Rac8 17. b5 axb5 18.
Bxb5 f6 19. a4 fxe5 20. dxe5 Bc7 21. Qd3 Nxe5 22. Nxe5 Bxe5 23. Qg6 Rxc3 24. Rxc3 Bxc3 25. Bd3 Rc8 26. Qh7+ Kf8 27. Bg6 Qd8 28. Qh8+ Ke7 29. Qxg7+ Bxg7 30. Re1 Bxa4 31. h3 Bc3 32. Re3 Bd4 33.
Re2 Rc1+ 34. Kh2 Qd6+ 35. g3 Be5 36. f4 Rc3 37. fxe5 Qc5 38. h4 Rc2 39. Rxc2 Bxc2 40. Bxc2 Qxc2+ 41. Kh3 Kf7 42. Kg4 Kg6 43. h5+ Kg7 44. Kf4 Qf5+ 45. Ke3 Qxh5 46. Kf4 Qg5+ 47. Kf3 Kg6 48. g4 Qxe5 49. Kg2 Kg5 50. Kf2 Qc3 51. Ke2 Kxg4 52. Kf2 Kf4 53. Ke2 Qe3+ 54. Kf1 Qd2 55. Kg1 Kg3 56. Kf1 Qf2# 0-1

[Event "Live Chess"]
[Site "Chess.com"]
[Date "2023.09.16"]
[Round "-"]
[White "Arthur1611br"]
[Black "mary260210"]
[Result "0-1"]
[WhiteElo "1009"]
[BlackElo "850"]
[TimeControl "900+5"]
[EndTime "6:17:10 PDT"]
[Termination "mary260210 venceu por desistência"]

1. e4 e5 2. Bc4 Nf6 3. Nf3 d6 4.
d4 Nxe4 5. Qe2 Nf6 6. dxe5 dxe5 7. Nxe5 Qd6 8. Bf4 Qe7 9. O-O Nc6 10. Nxc6 Qxe2 11. Bxe2 bxc6 12. Bc4 Bd6 13. Re1+ Be6 14. Bg5 O-O 15. Ba6 h6 16. Bxf6 gxf6 17. Nc3 Bf5 18.
Rac1 Rfe8 19. Bd3 Rxe1+ 20. Rxe1 Bxd3 21. cxd3 Rb8 22. b3 Bb4 23. Rc1 Re8 24. h3 Re5 25.
Ne4 Kg7 26. f4 Rd5 27. Rxc6 Rxd3 28. Nxf6 Rd6 29. Rc5 Bxc5+ 0-1

[Event "Live Chess"]
[Site "Chess.com"]
[Date "2023.09.16"]
[Round "-"]
[White "vitinho_lawliet"]
[Black "daniel-drummond"]
[Result "1/2-1/2"]
[WhiteElo "951"]
[BlackElo "1542"]
[TimeControl "900+5"]
[EndTime "6:18:09 PDT"]
[Termination "Empate por repetição"]

1. e4 e5 2. Nf3 Nc6 3. Bc4 Nf6 4.
Nc3 Be7 5. d3 O-O 6. O-O d6 7.
Bg5 h6 8. Bxf6 Bxf6 9. Nd5 Na5 10. Bb5 c6 11. Nxf6+ Qxf6 12. Bc4 Nxc4 13. dxc4 Bg4 14. h3 Bxf3 15. Qxf3 Qxf3 16. gxf3 f5 17. Rfe1 fxe4 18. fxe4 Rf4 19. Rad1 Rd8 20. c5 d5 21. exd5 cxd5 22.
c4 Rxc4 23. Rxe5 Rxc5 24. b4 Rb5 25. a3 Kf7 26. f4 Kf6 27. h4 a5 28. bxa5 Rxa5 29.
Rd3 Rc5 30. a4 Ra8 31. Rb3 Rxa4 32. Rb6+ Rc6 33. Rxb7 Rxf4 34. Rxd5 Rxh4 35. Kg2 Rg4+ 36. Kf3 Rg5 37. Rdd7 Rc4 38. Rf7+ Ke5 39. Rfe7+ Kd6 40. Rbd7+ Kc6 41. Rc7+ Kd5 42. Rxg7 Rxc7 43. Rxc7 Kd4 44.
Rd7+ Ke5 45. Re7+ Kf6 46. Rh7 Kg6 47. Ra7 h5 48. Kf4 Rg4+ 49. Kf3 Kg5 50. Ra5+ Kh4 51.
Ra1 Rg3+ 52. Kf4 Rg4+ 53. Kf3 Rg3+ 54. Kf4 Rg4+ 55. Kf5 Rg5+ 56. Kf6 Rg3 57. Kf5 Rg5+ 58. Kf4 Rg4+ 1/2-1/2

[Event "Live Chess"]
[Site "Chess.com"]
[Date "2023.09.16"]
[Round "-"]
[White "Francisco_Ferrari"]
[Black "AnthonyGabriel1"]
[Result "1-0"]
[WhiteElo "2169"]
[BlackElo "2187"]
[TimeControl "900+5"]
[EndTime "6:18:10 PDT"]
[Termination "Francisco_Ferrari venceu por desistência"]

1. d4 Nf6 2. Nf3 d5 3. g3 g6 4. Bg2 Bg7 5. O-O O-O 6. b3 b6 7.
Bb2 Bb7 8. Nbd2 c5 9. c4 dxc4 10. Nxc4 Nbd7 11. dxc5 Nxc5 12. Qxd8 Rfxd8 13. Rfd1 Rac8 14. Rac1 Rxd1+ 15. Rxd1 Ne6 16. Bh3 Ba6 17. Ng5 Bxc4 18. bxc4 Rc6 19. Bxe6 fxe6 20. Rd8+ Bf8 21. Ba3 h6 22. Bxe7 hxg5 23. Rxf8+ 1-0

[Event "Live Chess"]
[Site "Chess.com"]
[Date "2023.09.16"]
[Round "-"]
[White "GabrielGGCF"]
[Black "ArthurMPRJ"]
[Result "0-1"]
[WhiteElo "1459"]
[BlackElo "1231"]
[TimeControl "900+5"]
[EndTime "6:18:37 PDT"]
[Termination "ArthurMPRJ venceu por desistência"]

1. e4 c5 2. c3 d5 3. exd5 Qxd5 4. d4 e6 5. Nf3 Nf6 6. Bb5+ Bd7 7. Bxd7+ Nbxd7 8.
O-O cxd4 9. Qxd4 Bc5 10. Qxd5 Nxd5 11. Rd1 O-O-O 12. Bg5 f6 13. Bh4 N7b6 14. Na3 Bxa3 15. bxa3 Nc4 16. Rac1 Nxa3 17. c4 Nf4 18. Rxd8+ Rxd8 19. Bg3 Ne2+ 20. Kf1 Nxc1 21. Ke1 Nc2+ 22. Kf1 Rd1+ 0-1

[Event "Live Chess"]
[Site "Chess.com"]
[Date "2023.09.16"]
[Round "-"]
[White "P3treis"]
[Black "Samueeeseeel"]
[Result "1-0"]
[WhiteElo "915"]
[BlackElo "868"]
[TimeControl "900+5"]
[EndTime "6:19:14 PDT"]
[Termination "P3treis venceu por desistência"]

1. e4 c5 2. Nf3 Nc6 3. c3 e5 4. d4 exd4 5. cxd4 cxd4 6. Nxd4 Nxd4 7. Qxd4 Ne7 8. Bc4 Qb6 9. Qe3 Qxe3+ 10. Bxe3 Nc6 11.
a3 g6 12. O-O Bg7 13. Nc3 O-O 14. h3 d6 15. Rad1 Be5 16. f4 Bg7 17. Rxd6 Be6 18. Bd5 Rad8 19. e5 Rxd6 20. exd6 Bxd5 21. Nxd5 Rd8 22.
b4 Bd4 23. Bxd4 Nxd4 24. Rd1 Ne2+ 25. Kf2 Nc1 26. Rxc1 Rxd6 27. Ne7+ Kg7 28. h4 Rd2+ 29. Ke1 Rxg2 30. f5 f6 31. fxg6 hxg6 32. Nd5 Rh2 33. Rc7+ Kh6 34. Nxf6 Rxh4 35. Rxb7 Rf4 36. Ng8+ Kg5 37. Rxa7 Re4+ 38. Kd2 Re8 39. Ne7 Rd8+ 40. Kc3 Kf6 41. Nxg6 Kxg6 42. b5 Rb8 43. Kc4 Kf6 44.
Kc5 Ke6 45. Kc6 Rc8+ 46. Kb7 Rc5 47. b6 Kd6 48. Kb8 Kc6 49. b7 Rb5 50. Ka8 Kc7 51.
a4 Rb4 52. a5 Rb5 53. a6 Rb6 54. b8=Q+ Kc6 55. Qc7+ Kb5 56. Qe5+ Kc6 57. Qc3+ Kb5 58. Qa3 Kc6 59. Rb7 Rxb7 1-0